 Dungeon Crawl Stone Soup version 0.28.0-45-g0d030f2227 (webtiles) character file.

Game seed: 8900662279016945214

25 pkoi the Conjurer (level 2, 0/20 HPs)
             Began as a Demigod Conjurer on Apr 12, 2022.
             Slain by a bat (1 damage)
             ... on level 1 of the Dungeon.
             The game lasted 00:01:16 (831 turns).

pkoi the Conjurer (Demigod Conjurer)                 Turns: 831, Time: 00:01:17

Health: 0/20       AC:  2    Str:  8    XL:     2   Next: 63%
Magic:  3/7        EV: 12    Int: 20    God:
Gold:   25         SH:  0    Dex: 12    Spells: 4/5 levels left

rFire   . . .      SeeInvis .   b - +0 hand axe
rCold   . . .      Faith    .   (no shield)
rNeg    . . .      Spirit   .   a - +0 robe
rPois   .          Reflect  .   (no helmet)
rElec   .          Harm     .   (no cloak)
rCorr   .          Rampage  .   (no gloves)
Will    .....                   (no boots)
Stlth   ++........              (no amulet)
HPRegen 0.06/turn               (no ring)
MPRegen 0.10/turn               (no ring)

@: no status effects
A: high MP 1, forlorn, divine attributes
a: no special abilities


You were on level 1 of the Dungeon.
You visited 1 branch of the dungeon, and saw 1 of its levels.

You collected 25 gold pieces.

Inventory:

Hand Weapons
 b - a +0 hand axe (weapon)
Armour
 a - a +0 robe (worn)
Potions
 c - a potion of degeneration {unknown}


   Skills:
 - Level 1.7 Dodging
 - Level 1.7 Stealth
 + Level 2.2 Spellcasting
 * Level 4.2 Conjurations


You had 4 spell levels left.
You knew the following spells:

 Your Spells              Type           Power      Damage    Failure   Level
a - Magic Dart            Conj           76%        1d6       2%          1

Your spell library contained the following spells:

 Spells                   Type           Power      Damage    Failure   Level
 Searing Ray              Conj           38%        2d5       4%          2
 Dazzling Flash           Conj/Hex       20%        N/A       21%         3
 Fulminant Prism          Conj/Hex       5%         3d7       54%         4
 Iskenderun's Mystic Bla  Conj/Tloc      10%        2d4       54%         4


Dungeon Overview and Level Annotations

Branches:
Dungeon (1/15)


Innate Abilities, Weirdness & Mutations

You have an increased reservoir of magic. (+10% MP)
You shall have no god before yourself.
Your divine heritage dramatically boosts your attributes as you level up.


Message History

The jackal bites you.
* * * LOW HITPOINT WARNING * * *
You barely miss the jackal. The jackal barely misses you.
The rat twitches its whiskers.
The jackal closely misses you.
You barely miss the jackal.
The jackal bites you but does no damage.
The jackal bites you.
* * * LOW HITPOINT WARNING * * *
Unknown command.
Aiming: Magic Dart (safe; 2% risk of failure)
Press: ? - help, Q - select action Shift-Dir - straight line, f - jackal
Aim: a jackal (100% to hit)
The magic dart hits the jackal.
The jackal is almost dead.
The jackal bites you.
* * * LOW HITPOINT WARNING * * *
Aiming: Magic Dart (safe; 2% risk of failure)
Press: ? - help, Q - select action Shift-Dir - straight line, f/p - jackal
Aim: a jackal (almost dead, 100% to hit)
The magic dart hits the jackal.
You kill the jackal!
The jackal closely misses you.
Aiming: Magic Dart (safe; 2% risk of failure)
Press: ? - help, Q - select action Shift-Dir - straight line, f - jackal
Aim: a jackal (100% to hit)
The magic dart hits the jackal.
The jackal is almost dead.
The jackal barely misses you.
As you read the scroll labelled WIBEOF BAOBUNI, it crumbles to dust.
You feel aware of your surroundings.
It was a scroll of magic mapping.
The jackal barely misses you. The jackal closely misses you.
Found a buckler.
The jackal barely misses you. The jackal barely misses you.
You see here a +0 buckler.
A bat comes into view.
The jackal bites you.
* * * LOW HITPOINT WARNING * * *
The bat hits you.
You die...

*,,,,,****,,,,,,,,,,,,,,,,≈≈
******#.,,,,,,,,#.......≈S≈≈
***#.**,*,**,,......≈.≈≈≈
*>,,..,,,,,.....$...≈≈,≈≈
*,**,.######...#..†Kh≈*≈≈
*,,,,,.........,†.K.♣≈≈,≈
*,***,#...##...**.Kr*,*,,
*,,,,,#hb.##...###.###**,
**#####.@.#***#......# *,
#..hh##.# #.##...###,
#K##....# #........#.
#.###########........#.
#....KKK.............#.
########r########..###.
#...(.......# #.
#(.#.#>#.#..# #.
#..#.###.#..# #.


You could see 3 jackals, a bat and a kobold (wandering).

Vanquished Creatures
  A dart slug (D:1)
  4 ball pythons (D:1)
  2 endoplasms (D:1)
  A giant cockroach (D:1)
  3 hobgoblins (D:1)
  3 jackals (D:1)
  2 quokkas (D:1)
  A bat (D:1)
  3 rats (D:1)
20 creatures vanquished.

Vanquished Creatures (others)
  2 plants (D:1)
2 creatures vanquished.

Grand Total: 22 creatures vanquished

Notes
Turn   | Place    | Note
-------+----------+-------------------------------------------
     0 | D:1      | pkoi the Demigod Conjurer began the quest for the Orb.
     0 | D:1      | Reached XP level 1. HP: 14/14 MP: 5/5
   407 | D:1      | Reached XP level 2. HP: 20/20 MP: 4/7
   440 | D:1      | Reached skill level 4 in Conjurations
   830 | D:1      | HP: 1/20 [jackal (3)]
   831 | D:1      | Slain by a bat

Illustrated notes

Levels and vault maps discovered:
D:1:      onia_arrival_handbag, layout_basic, serial_bayou_pond_b

Skill      XL: |  1  2 |
---------------+-------+-----
Spellcasting   | 2 |  2.2
Conjurations   | 4 |  4.2
Dodging        | |  1.7
Stealth        | |  1.7

Action                   || total
-------------------------++-------
Melee: Hand axe          ||    13
 Cast: Magic Dart        ||    43
  Use: Scroll            ||     1
Armor: Robe              ||     7
Dodge: Dodged            ||    20
